 Dungeon Crawl Stone Soup version 0.19-a0-160-gd53b84c (webtiles) character file.

415 MrRokkomies the Conjurer (level 6, -2/36 HPs)
             Began as an Octopode Wizard on May 21, 2016.
             Was a Believer of Fedhas.
             Slain by a sky beast (5 damage)
             ... on level 5 of the Dungeon.
             The game lasted 00:11:03 (4946 turns).

MrRokkomies the Conjurer (Octopode Wizard)          Turns: 4946, Time: 00:11:04

Health: -2/36      AC:  2    Str:  3 (6)  XL:     6   Next: 91%
Magic:  9/10       EV: 12    Int: 20 (22) God:    Fedhas [**....]
Gold:   157        SH:  0    Dex: 10 (11) Spells: 4 memorised, 4 levels left

rFire  . . .     SeeInvis .     f - +0 spear
rCold  . . .     Gourm    .     (no shield)
rNeg   . . .     Faith    .     a - +1 hat
rPois  .         Spirit   .     (no amulet)
rElec  .         Dismiss  .     (no ring)
rCorr  .         Reflect  .     (no ring)
SustAt .         Harm     .     (no ring)
MR     .....                    (no ring)
Stlth  +++.......               (no ring)
                                (no ring)
                                (no ring)
                                (no ring)

@: repel missiles, not resistant to hostile enchantments, fairly stealthy
A: almost no armour, amphibious, 8 rings, constrict 8, camouflage 1, gelatinous
body 1
a: Evolution, Sunlight, Renounce Religion


You were on level 5 of the Dungeon.
You worshipped Fedhas.
Fedhas was pleased with you.
You were not hungry.

You visited 1 branch of the dungeon, and saw 5 of its levels.

You collected 157 gold pieces.

Inventory:

Hand Weapons
 f - a +0 spear (weapon)
Armour
 a - a +1 hat (worn)
Scrolls
 d - a scroll of identify
 i - 2 scrolls of teleportation
 j - a scroll of remove curse
 n - a scroll of blinking
Potions
 g - a potion of ambrosia {unknown}
 l - a potion of degeneration
 o - a potion of agility {unknown}
Books
 b - a book of Minor Magic

   Spells                             Type                      Level
   a - Magic Dart                     Conjuration                  1
   b - Blink                          Translocation                2
   c - Call Imp                       Summoning                    2
   d - Repel Missiles                 Charms/Air                   2
   e - Slow                           Hexes                        2
   f - Conjure Flame                  Conjuration/Fire             3
   g - Mephitic Cloud                 Conjuration/Poison/Air       3
Comestibles
 c - 5 bread rations
 h - a beef jerky
 m - a royal jelly


   Skills:
 - Level 2.0 Dodging
 - Level 2.6 Stealth
 - Level 3.0 Spellcasting
 * Level 5.8 Conjurations
 * Level 3.6 Summonings
 - Level 1.0 Translocations


You had 4 spell levels left.
You knew the following spells:

 Your Spells              Type           Power        Failure   Level  Hunger
a - Magic Dart            Conj           ####         1%          1    None
b - Blink                 Tloc           N/A          17%         2    ##.....
c - Call Imp              Summ           ###.....     6%          2    ##.....
d - Repel Missiles        Chrm/Air       #.....       24%         2    ##.....


Dungeon Overview and Level Annotations

Branches:
Dungeon (5/15)
 Temple: D:4-7

Altars:
Fedhas
Kikubaaqudgha
Nemelex Xobeh
Okawaru
Pakellas
Ru
Sif Muna
The Shining One


Innate Abilities, Weirdness & Mutations

You cannot wear most types of armour.
You are amphibious.
You can wear up to eight rings at the same time.
You can use your tentacles to constrict eight enemies at once.
Your skin changes colour to match your surroundings (Stealth).
Your rubbery body absorbs attacks (AC +1).


Message History

The sky beast hits you. The sky beast shocks you.
You hit the sky beast.
The sky beast is lightly wounded.
The sky beast hits you. The sky beast shocks you.
Your iron imp closely misses the sky beast.
You closely miss the sky beast.
The sky beast is lightly wounded.
The sky beast hits you. The sky beast shocks you.
* * * LOW HITPOINT WARNING * * *
Your iron imp hits the sky beast!
You hit the sky beast.
The sky beast is heavily wounded.
The sky beast closely misses you.
Your iron imp hits the sky beast.
You hit the sky beast.
The sky beast is severely wounded.
The sky beast hits you.
* * * LOW HITPOINT WARNING * * *
The sky beast shocks you.
You die...
Fedhas appreciates your contribution to the ecosystem.

....#.#.#.#
...#...#.#
#..#.#.#.#
#####..#.#.#.#
...#..#.#.#.###
##.#.)#.......#
#..>....#.#.#.#
#..####.#.#.#.#
#@....#..<..#.#
#Y###+###.###.#
5.. #.#<..#
..... ..#####
....... ....
#........
#.[.......
+..........


You could see a sky beast and a friendly iron imp.

Vanquished Creatures
  A scorpion (D:4)
  A howler monkey (D:3)
  A hound (D:4)
  2 giant frog skeletons (D:4)
  An orc wizard (D:2)
  A worker ant (D:4)
  An adder (D:4)
  2 oozes
  2 worms (D:3)
  4 dart slugs
  3 giant geckos
  6 orcs
  9 bats
  2 giant cockroaches
  7 goblins
  8 hobgoblins
  A jackal (D:2)
  4 quokkas
  2 ball pythons
  5 giant newts
  4 kobolds
  12 rats
79 creatures vanquished.

Vanquished Creatures (collateral kills)
  An ogre (D:4)
  An iguana (D:4)
  An adder (D:2)
  2 orcs (D:2)
  3 hobgoblins (D:2)
  A jackal (D:2)
  A kobold (D:2)
  A rat (D:2)
11 creatures vanquished.

Vanquished Creatures (others)
  A crocodile (D:3)
  51 toadstools
52 creatures vanquished.

Grand Total: 142 creatures vanquished

Notes
Turn   | Place    | Note
--------------------------------------------------------------
     0 | D:1      | MrRokkomies the Octopode Wizard began the quest for the Orb.
     0 | D:1      | Reached XP level 1. HP: 11/11 MP: 4/4
   215 | D:1      | You fall through a shaft!
   215 | D:2      | Found a blossoming altar of Fedhas.
   222 | D:2      | Became a worshipper of Fedhas Madash
   263 | D:2      | Reached skill level 2 in Conjurations
   263 | D:2      | Reached XP level 2. HP: 4/17 MP: 3/6
   880 | D:1      | Found an iron altar of Okawaru.
   895 | D:1      | Reached XP level 3. HP: 13/21 MP: 7/7
   897 | D:1      | Reached skill level 3 in Conjurations
  1217 | D:1      | Learned a level 2 spell: Blink
  1220 | D:1      | Learned a level 2 spell: Call Imp
  1845 | D:2      | Found a sparkling altar of Nemelex Xobeh.
  1852 | D:2      | Reached XP level 4. HP: 26/27 MP: 5/8
  2155 | D:2      | Found a deep blue altar of Sif Muna.
  2296 | D:2      | Reached skill level 4 in Conjurations
  2348 | D:2      | Reached * piety under Fedhas
  2915 | D:3      | Learned a level 2 spell: Repel Missiles
  2924 | D:3      | Found an oddly glowing altar of Pakellas.
  2924 | D:3      | Noticed an orange crystal statue
  2925 | D:3      | Noticed a crocodile
  2932 | D:3      | Killed a crocodile
  3152 | D:3      | Reached XP level 5. HP: 28/31 MP: 3/9
  3727 | D:4      | Reached skill level 5 in Conjurations
  3762 | D:4      | Reached XP level 6. HP: 31/36 MP: 10/10
  4110 | D:4      | Reached ** piety under Fedhas
  4229 | D:4      | Found a sacrificial altar of Ru.
  4229 | D:4      | Found an ancient bone altar of Kikubaaqudgha.
  4443 | D:4      | Found a glowing golden altar of the Shining One.
  4920 | D:5      | Entered Level 5 of the Dungeon
  4938 | D:5      | Noticed a sky beast
  4946 | D:5      | Slain by a sky beast

Vault maps used:
D:1:      onia_arrival_larder, roderic_roman_lattice, serial_park_tiny_pond,
          okawaru_ov_weapons_minmay
D:2:      lemuel_blue_sif_altar, nicolae_overflow_crystal_walls, nemelex_deck
D:3:      gammafunk_pakellas_statue_experiment
D:4:      gammafunk_temple_overflow_pools, first_bread, tso_altar
D:5:      good_gods_mini_temple, vehumet_altar_wand_db

Skill      XL: |  1  2  3  4  5  6 |
---------------+-------------------+-----
Conjurations   | 2 3 4 5 |  5.8
Summonings     | 2 3 |  3.6
Dodging        | |  2.0
Stealth        | |  2.6
Spellcasting   | |  3.0
Translocations | |  1.0

Action                   |  1- 3 |  4- 6 || total
-------------------------+-------+-------++-------
Melee: Unarmed           |    32 |       ||    32
       Constrict         |    16 |    24 ||    40
       Tentacles         |     9 |    14 ||    23
       Hand axe          |     8 |       ||     8
       Mace              |     8 |       ||     8
       Spear             |    55 |   132 ||   187
 Cast: Magic Dart        |    23 |    42 ||    65
       Call Imp          |     2 |    10 ||    12
       Blink             |       |     1 ||     1
       Repel Missiles    |       |     1 ||     1
  Use: Scroll            |     3 |     6 ||     9
       Potion            |       |     4 ||     4
 Stab: Sleeping          |     6 |     5 ||    11
       Distracted        |       |     1 ||     1
  Eat: Chunk             |     3 |     7 ||    10
       Pizza             |       |     1 ||     1
       Beef jerky        |       |     1 ||     1
Armor: Skin              |     9 |    17 ||    26
Dodge: Dodged            |    56 |    94 ||   150
